[Event "Late-Titled-Tuesday-Blitz-February-27-2024"]
[Site "Chess.com"]
[Date "2024.02.27"]
[Round "8"]
[White "LikeWater"]
[Black "el008"]
[Result "1-0"]
[WhiteElo "2693"]
[BlackElo "2508"]
[TimeControl "180+1"]
[EndTime "15:27:33 PST"]
[Termination "LikeWater won by resignation"]

1. d4 e6 2. Nf3 c5 3. c3 Nf6 4. Bf4 b6 5. h3 Be7 6. e3 O-O 7. Nbd2 Ba6 8. Bxa6 Nxa6 9. e4 d5 10. e5 Ne4 11. O-O Nxd2 12. Qxd2 cxd4 13. cxd4 Rc8 14. Rfc1 Qd7 15. a3 Qb5 16. Rxc8 Rxc8 17. Rc1 Rc4 18.
Rc3 Qc6 19. Qd3 Nc7 20. Nd2 Rxc3 21. bxc3 Bxa3 22. c4 dxc4 23. Qxa3 a5 24. Qe7 h6 25. Qd8+ Kh7 26. Qf8 c3 27. Nf3 Qe4 28. Qxf7 Nd5 29. Bxh6 Kxh6 30. Qxe6+ g6 31. Qg8 g5 32. Nxg5 Qf5 33. Nf7+ Qxf7 34. Qxf7 c2 35. Qe6+ Kg5 36. Qg4+ Kh6 37. Qh4+ Kg6 38. Qe4+ Kg7 39. Qxc2 Nb4 40.
Qc7+ Kg6 41. Qxb6+ Kf5 42. Qxa5 Nd3 43. e6+ Kxe6 44.
h4 Nf4 45. Qe5+ Kd7 46. Qxf4 Kc6 47. h5 Kd5 48. h6 Kc4 49. h7 Kd3 1-0

[Event "Late-Titled-Tuesday-Blitz-February-27-2024"]
[Site "Chess.com"]
[Date "2024.02.27"]
[Round "8"]
[White "BabageldiAnnaberdiyev"]
[Black "dolynachess"]
[Result "0-1"]
[WhiteElo "2630"]
[BlackElo "2489"]
[TimeControl "180+1"]
[EndTime "15:27:33 PST"]
[Termination "dolynachess won by resignation"]

1. e4 c5 2. Nf3 d6 3. d3 Nc6 4. Nbd2 Nf6 5. g3 g6 6. Bg2 Bg7 7. O-O O-O 8. Re1 Bg4 9. h3 Bxf3 10. Nxf3 Nd7 11. c3 e5 12. h4 b5 13. h5 a5 14. h6 Bh8 15. Nh2 b4 16. Ng4 a4 17. a3 bxc3 18. bxc3 Qa5 19. Bd2 Rab8 20. Ne3 Rb3 21. Nd5 Nb6 22. Ne3 Nd7 23. Rf1 Rfb8 24.
Bh3 Nf6 25. Nc4 Qc7 26. Rc1 Na5 27. Ne3 Rxa3 28. f4 exf4 29. Rxf4 Nb3 30. Rc2 Ra1 31.
Bc1 a3 32. Qf1 Nxc1 33. Rxc1 Rxc1 34. Qxc1 a2 35. Rf1 Rb1 36. Qa3 a1=Q 37. Qxa1 Rxa1 38. Rxa1 Qb8 39. Bf1 Kf8 40. Ra6 Ng8 41. Nd5 Nxh6 42. Nb6 Qb7 43. d4 cxd4 44. Nd5 dxc3 45. Ra1 Bd4+ 46.
Kg2 c2 47. Rc1 Qb2 0-1

[Event "Late-Titled-Tuesday-Blitz-February-27-2024"]
[Site "Chess.com"]
[Date "2024.02.27"]
[Round "8"]
[White "djano"]
[Black "chedimir"]
[Result "0-1"]
[WhiteElo "2569"]
[BlackElo "2485"]
[TimeControl "180+1"]
[EndTime "15:27:34 PST"]
[Termination "chedimir won on time"]

1. e4 c5 2. Nc3 e6 3. f4 Nf6 4. e5 Nd5 5. Nf3 d6 6. g3 Nc6 7. Bg2 dxe5 8. fxe5 Be7 9. O-O O-O 10. Ne4 Qc7 11.
d3 Nxe5 12. Nxe5 Qxe5 13. c4 Qd4+ 14. Kh1 Nb4 15. Qh5 Nxd3 16. Bg5 f6 17. Bd2 Bd7 18. Bc3 Qe3 19. Bd2 Qd4 20. Bc3 Qxc4 21. b3 Qa6 22.
Rad1 Be8 23. Qg4 Bg6 24. Qe2 Rad8 25. h4 Ne5 26. Qb2 Bh5 27. Rxd8 Rxd8 28. Bxe5 fxe5 29.
Qxe5 Bg4 30. Rf4 Qe2 31. Kh2 Rf8 32. Rxf8+ Bxf8 33. Qf4 h6 34. h5 Bxh5 35. Qe5 Bf3 36. Qxe6+ Kh8 37. Qh3 Bxe4 0-1

[Event "Late-Titled-Tuesday-Blitz-February-27-2024"]
[Site "Chess.com"]
[Date "2024.02.27"]
[Round "8"]
[White "Kirill_Klukin"]
[Black "KATPAH"]
[Result "1-0"]
[WhiteElo "2845"]
[BlackElo "2656"]
[TimeControl "180+1"]
[EndTime "15:27:36 PST"]
[Termination "Kirill_Klukin won by checkmate"]

1. e4 e5 2. Nf3 d6 3. d4 Bg4 4.
dxe5 Nd7 5. exd6 Bxd6 6. Be2 Ngf6 7. Nc3 Qe7 8. Bg5 O-O-O 9. h3 Bh5 10. Qd4 Bxf3 11.
Bxf3 Bc5 12. Qa4 Ne5 13. Be2 h6 14. Nd5 Rxd5 15. Bxf6 Bxf2+ 16. Kxf2 Qxf6+ 17. Kg1 Qb6+ 18. Kh2 Rd4 19. Qb3 Qd6 20. Qg3 Rxe4 21. Rad1 Qe7 22. Rhe1 Ng6 23. Bg4+ Kb8 24. Rd7 Qc5 25. Rxe4 Rc8 26.
Re3 f5 27. Rc3 Qa5 28. Bxf5 Ne5 29. Rxg7 Nc6 30. Bxc8 Kxc8 31. Rxc6 bxc6 32. c3 Kb7 33.
b4 Qb6 34. a4 a5 35. b5 cxb5 36. axb5 h5 37. Qf3+ Ka7 38. Qc6 Qxc6 39. bxc6 Kb6 40. Rg5 a4 41. Rxh5 a3 42. Rh8 Ka7 43. Rh4 Kb6 44. Ra4 Kxc6 45. Rxa3 Kc5 46. h4 c6 47. h5 Kd6 48. h6 Ke6 49. h7 c5 50.
h8=Q c4 51. Qd4 Kf5 52. Qxc4 Kf6 53. Qb4 Kg7 54. Ra5 Kg8 55. Rc5 Kf7 56. Qb6 Ke8 57. Rc7 Kd8 58. Qb8# 1-0

[Event "Late-Titled-Tuesday-Blitz-February-27-2024"]
[Site "Chess.com"]
[Date "2024.02.27"]
[Round "8"]
[White "DuleMudule"]
[Black "KuzubovYuriy"]
[Result "0-1"]
[WhiteElo "2872"]
[BlackElo "2964"]
[TimeControl "180+1"]
[EndTime "15:27:37 PST"]
[Termination "KuzubovYuriy won on time"]

1. d4 g6 2. e4 Bg7 3. Nc3 d6 4. Be3 a6 5. f3 b5 6. Qd2 Nd7 7.
h4 h6 8. a4 b4 9. Nce2 a5 10.
Ng3 c5 11. c3 Qc7 12. h5 bxc3 13. bxc3 cxd4 14. cxd4 d5 15. e5 Nxe5 16. Bf4 g5 17.
Bb5+ Kf8 18. Rc1 Nxf3+ 19. Nxf3 Qxf4 20. Qxf4 gxf4 21. Ne2 Bg4 22. Ne5 Bxe5 23. dxe5 Bxe2 24. Kxe2 e6 25. Rhf1 Ne7 26. Rxf4 Rg8 27. g4 Rg5 28. Kd3 Rxe5 29. Rcf1 f5 30. Kd4 Re4+ 31. Rxe4 dxe4 32. Ke5 Kf7 33. Bc4 Nc6+ 34. Kd6 Nd4 35.
gxf5 Rd8+ 36. Kc7 Rf8 37. fxe6+ Ke7 38. Rxf8 Kxf8 39. Kd7 Nf5 40. Be2 e3 41. Bg4 Ne7 42. Be2 Nf5 43. Bc4 Ne7 44. Bd3 Ng8 45. Kd6 Ke8 0-1

[Event "Late-Titled-Tuesday-Blitz-February-27-2024"]
[Site "Chess.com"]
[Date "2024.02.27"]
[Round "8"]
[White "Alex_Sahakyan2006"]
[Black "TomsKantans"]
[Result "1-0"]
[WhiteElo "2822"]
[BlackElo "2682"]
[TimeControl "180+1"]
[EndTime "15:27:37 PST"]
[Termination "Alex_Sahakyan2006 won by resignation"]

1. e4 c5 2. Nc3 Nc6 3. Bb5 Qc7 4. Nf3 Nf6 5. O-O Nd4 6. Re1 a6 7. Bf1 d6 8. Nxd4 cxd4 9. Ne2 Nxe4 10. Nxd4 Nf6 11. d3 g6 12. Bg5 Bg7 13. Qe2 e5 14. Qf3 Nd7 15. Ne2 O-O 16. Nc3 f6 17. Nd5 Qd8 18. Be3 f5 19. c3 f4 20. Bd2 Nc5 21. d4 Ne6 22. Bc4 Kh8 23. dxe5 dxe5 24. Rad1 b5 25.
Nxf4 bxc4 26. Qxa8 exf4 27. Bxf4 Qb6 28. Be3 Qb7 29.
Qxb7 Bxb7 30. Rd7 Bc8 31. Re7 Bf6 32. Ra7 h5 33. h3 Ng7 34. Bh6 Kg8 35. Re3 Rf7 36.
Ra8 Rf8 37. Rf3 Bf5 38. Rxf8+ Kxf8 39. g4 hxg4 40. hxg4 Kf7 41. gxf5 Nxf5 42. Bd2 Ke6 43. Rf4 Kd5 44. Rg4 Ne7 45. Bg5 Bxg5 46. Rxg5+ Ke4 47. Ra5 1-0

[Event "Late-Titled-Tuesday-Blitz-February-27-2024"]
[Site "Chess.com"]
[Date "2024.02.27"]
[Round "8"]
[White "FuenfgegenWilly"]
[Black "yaguigor"]
[Result "0-1"]
[WhiteElo "2456"]
[BlackElo "2626"]
[TimeControl "180+1"]
[EndTime "15:27:38 PST"]
[Termination "yaguigor won on time"]

1. e4 d6 2. Nc3 Nf6 3. f4 c5 4. Nf3 Nc6 5. Bb5 Bd7 6. Bc4 e6 7. f5 Be7 8. fxe6 fxe6 9. O-O O-O 10. Ng5 Nd4 11. Ne2 Qc8 12. Nxd4 cxd4 13. d3 h6 14. Nh3 Nxe4 15. Rxf8+ Bxf8 16. Nf4 Ng5 17. h4 Nf7 18. Ng6 d5 19. Bb3 Bd6 20. Qh5 Qe8 21. Bd2 Ne5 22. Nf4 Qxh5 23. Nxh5 Ng4 24. Re1 Rf8 25. g3 Ne3 26. Bxe3 dxe3 27. c3 Be8 28. Nf4 Bxf4 29.
gxf4 Rxf4 30. Rxe3 Kf7 31. Rh3 Kf6 32. Kg2 Bh5 33.
d4 Re4 34. Kf1 Bg4 35. Rh2 h5 36. Rf2+ Bf5 37. Rh2 g5 38. hxg5+ Kxg5 39. Bd1 h4 40. Kf2 h3 41. Bf3 Rh4 42. Kg3 Be4 43. Bxe4 Rxe4 44. Rxh3 Re3+ 45. Kg2 Re2+ 46. Kf3 Rxb2 47. Rh7 a5 48. a4 Rb3 49. Ke2 Rxc3 50. Rxb7 Rc4 51. Re7 Kf6 52. Rh7 Rxd4 53. Rh6+ Ke5 0-1

[Event "Late-Titled-Tuesday-Blitz-February-27-2024"]
[Site "Chess.com"]
[Date "2024.02.27"]
[Round "8"]
[White "DonMicheleCorleone"]
[Black "CheckBits"]
[Result "0-1"]
[WhiteElo "2521"]
[BlackElo "2430"]
[TimeControl "180+1"]
[EndTime "15:27:39 PST"]
[Termination "CheckBits won by resignation"]

1. e4 e5 2. Nf3 Nc6 3. Bc4 Bc5 4. c3 Nf6 5. d4 exd4 6. cxd4 Bb4+ 7. Nc3 d5 8. exd5 Nxd5 9. O-O Bxc3 10. bxc3 O-O 11.
Bg5 Qd6 12. Qc2 Bg4 13. Qe4 Be6 14. Bd3 f5 15. Qh4 Nxc3 16. d5 Bxd5 17. Bf4 Qf6 18. Bg5 Qg6 19. Nd2 h6 20. f4 hxg5 21. fxg5 Ne4 22.
Nf3 Rae8 23. Rad1 Ne5 24. Nxe5 Rxe5 25. Qf4 Rfe8 26. h4 Qb6+ 27. Kh2 Nd6 28. Bb1 c6 29. h5 Qe3 30. g6 Qxf4+ 31. Rxf4 Ne4 32. g4 Nc3 33. Rdf1 Nxb1 34. Rxb1 Re2+ 35. Kg3 R8e3+ 36. Kh4 Rh2+ 37. Kg5 fxg4 38. Rxb7 Re5+ 39. Kxg4 Re8 40. Rff7 Rg2+ 41. Kh3 Re3+ 42. Kh4 Bxf7 43. gxf7+ Kf8 44. h6 gxh6 45. Rxa7 Re1 46. Kh3 Rg5 47. Kh4 0-1

[Event "Late-Titled-Tuesday-Blitz-February-27-2024"]
[Site "Chess.com"]
[Date "2024.02.27"]
[Round "8"]
[White "Andreikka"]
[Black "SpeedofLight0"]
[Result "0-1"]
[WhiteElo "2954"]
[BlackElo "3068"]
[TimeControl "180+1"]
[EndTime "15:27:40 PST"]
[Termination "SpeedofLight0 won on time"]

1. e4 Nc6 2. Nf3 d6 3. d4 Nf6 4. Nc3 g6 5. h3 Bg7 6. Be2 O-O 7.
O-O e5 8. dxe5 Nxe5 9. Be3 Bd7 10. Re1 Bc6 11. Nd2 Re8 12. a4 d5 13. exd5 Nxd5 14. Nxd5 Qxd5 15. Bf1 Rad8 16. Qb1 a5 17. Qa2 Qxa2 18.
Rxa2 Nd7 19. Bb5 Bxb5 20. axb5 Nb6 21. Nf3 Nc4 22. c3 Nxb2 23. Rxb2 Bxc3 24. Rc2 Bxe1 25. Nxe1 Rd1 26. Kf1 a4 27. Ra2 Ra8 28. b6 cxb6 29. Bxb6 Rb1 30. Bd4 b5 31. Ke2 b4 32. Nd3 a3 33.
Bc5 Re8+ 34. Kd2 Rd8 35. Ke2 Rb3 36. Rd2 Re8+ 37. Kf3 a2 38. Bd4 Ra8 39. Rd1 Rb1 40.
Rd2 b3 41. Ke4 a1=Q 42. Bxa1 Raxa1 0-1

[Event "Late-Titled-Tuesday-Blitz-February-27-2024"]
[Site "Chess.com"]
[Date "2024.02.27"]
[Round "8"]
[White "EvilMorty23"]
[Black "sergiochess83"]
[Result "0-1"]
[WhiteElo "2585"]
[BlackElo "2894"]
[TimeControl "180+1"]
[EndTime "15:27:40 PST"]
[Termination "sergiochess83 won by checkmate"]

1. e4 e6 2. d4 d5 3. Nd2 c5 4. Ngf3 cxd4 5. exd5 Qxd5 6. Bc4 Qd7 7. O-O Nc6 8. Nb3 a6 9. Nbxd4 Nxd4 10. Nxd4 Nf6 11. Re1 Qc7 12. Qe2 Bc5 13. Nf5 O-O 14. Ng3 h6 15.
Bd3 Bd7 16. Nh5 Bxf2+ 17. Kxf2 Qc5+ 18. Be3 Qxh5 19. Qxh5 Nxh5 20. Be4 Bc6 21. Bxc6 bxc6 22. Rad1 Nf6 23. c4 Rfd8 24. b3 Ng4+ 25. Kf3 Nxe3 26.
Kxe3 Kf8 27. Ke4 Ke7 28. Ke5 f6+ 29. Ke4 c5 30. Ke3 a5 31. Rxd8 Rxd8 32. Re2 h5 33.
h4 e5 34. g3 Ke6 35. Rb2 Rd4 36. Rf2 f5 37. Rf1 g6 38. Rc1 Kf6 39. Rf1 e4 40.
Rf2 Ke5 41. Rc2 Rd3+ 42. Kf2 Kd4 43. Kg2 Ke3 44. Kf1 Rd1+ 45. Kg2 Rd2+ 46. Rxd2 Kxd2 47. a3 e3 48. b4 e2 49. bxc5 e1=Q 50. c6 Qe4+ 51.
Kh2 Qxc6 52. a4 Ke2 53. c5 Kf2 54. g4 Qg2# 0-1

[Event "Late-Titled-Tuesday-Blitz-February-27-2024"]
[Site "Chess.com"]
[Date "2024.02.27"]
[Round "8"]
[White "Arystanner"]
[Black "MKlose11"]
[Result "1/2-1/2"]
[WhiteElo "2789"]
[BlackElo "2623"]
[TimeControl "180+1"]
[EndTime "15:27:41 PST"]
[Termination "Game drawn by repetition"]

1. d4 Nf6 2. c4 c5 3. d5 b5 4. cxb5 a6 5. bxa6 Bxa6 6. Nc3 g6 7. e4 Bxf1 8. Kxf1 d6 9. g3 Bg7 10. Kg2 O-O 11. Nf3 Nbd7 12. a4 Qb6 13. Nb5 Ne8 14. Ra3 Nc7 15. Nxc7 Qxc7 16. b3 Rfb8 17. Qe2 Qb7 18. Nd2 Ne5 19. f4 Nd7 20. Rd1 Re8 21.
a5 e6 22. Nc4 Ra6 23. Qf3 exd5 24. Rxd5 Qc7 25. Qd3 Bf8 26. e5 Qb7 27. Kg1 Rea8 28.
Nxd6 Bxd6 29. Rxd6 Rxd6 30. Qxd6 Nf8 31. a6 Qe4 32.
Qd2 Qb1 33. a7 Ne6 34. Kf2 Nd4 35. Bb2 Nf5 36. Ra1 Qe4 37. e6 fxe6 38. Be5 Nd4 39. Bxd4 cxd4 40. b4 d3 41. Ra3 Qd4+ 42. Qe3 Qb2+ 43.
Kf3 Qxa3 44. Qxe6+ Kg7 45. Qe7+ Kh6 46. Qg5+ Kg7 47.
Qe5+ Kh6 48. Qg5+ Kg7 49. Qe7+ Kh6 50. Qg5+ 1/2-1/2

[Event "Late-Titled-Tuesday-Blitz-February-27-2024"]
[Site "Chess.com"]
[Date "2024.02.27"]
[Round "8"]
[White "CrushingKings"]
[Black "Matalon"]
[Result "0-1"]
[WhiteElo "2612"]
[BlackElo "2474"]
[TimeControl "180+1"]
[EndTime "15:27:43 PST"]
[Termination "Matalon won by checkmate"]

1. Nf3 Nf6 2. g3 g6 3. b3 Bg7 4. Bb2 O-O 5. Bg2 d6 6. d4 c5 7.
d5 b5 8. O-O Nbd7 9. c4 bxc4 10. bxc4 Rb8 11. Bc3 Nb6 12. Nbd2 Ba6 13. Qc2 Qd7 14.
a4 Nxc4 15. Bxf6 Nxd2 16. Bxg7 Nxf3+ 17. Bxf3 Kxg7 18. Qc3+ Kg8 19. h4 h5 20. e4 Rb4 21.
Rfe1 Rfb8 22. Qd2 Rb2 23. Qf4 c4 24. e5 dxe5 25. Rxe5 Rb1+ 26. Rxb1 Rxb1+ 27. Kg2 c3 28. Be4 Bf1+ 29. Kf3 Qh3 30. Bxb1 Qh1+ 31. Ke3 Bg2 32. Rxe7 Qe1+ 33. Kd4 Qxe7 34. d6 Qe1 35. d7 Qd1+ 36. Kxc3 Qxd7 37. Qb8+ Kh7 38. Qb4 Bd5 39. Bd3 Be6 40.
Qd4 Qc7+ 41. Kd2 Qa5+ 42. Ke3 Bb3 43. Bb5 Qe1+ 44. Kf4 Qc1+ 45. Qe3 Qc7+ 46. Qe5 Qc2 47. Qd4 Be6 48. Qxa7 Qf5+ 49. Ke3 Qe5+ 50. Kd2 Qb2+ 51. Ke3 Qb3+ 52. Kd4 Qb4+ 53. Ke5 Qe1+ 54. Kf6 Qc3+ 55. Ke7 Qb4+ 56. Ke8 Kg8 57. Qe3 Qf8# 0-1

[Event "Late-Titled-Tuesday-Blitz-February-27-2024"]
[Site "Chess.com"]
[Date "2024.02.27"]
[Round "8"]
[White "HeinichessPY"]
[Black "lagedema"]
[Result "0-1"]
[WhiteElo "2244"]
[BlackElo "2422"]
[TimeControl "180+1"]
[EndTime "15:27:43 PST"]
[Termination "lagedema won by resignation"]

1. Nf3 d5 2. g3 e6 3. Bg2 Nf6 4. O-O Be7 5. c4 O-O 6. Nc3 d4 7. Nb1 c5 8. d3 Nc6 9. a3 a5 10. b3 e5 11. Ne1 Qb6 12. Nd2 h6 13. Rb1 Bf5 14. Nc2 Rfd8 15. h3 Bh7 16. Kh2 Qc7 17. Ne1 Ra6 18. Ne4 Ne8 19. Bd2 f5 20. Nxc5 Bxc5 21.
b4 axb4 22. axb4 Bf8 23. b5 Ra3 24. bxc6 bxc6 25. Nc2 Ra2 26. Nb4 Bxb4 27. Rxb4 c5 28. Rb5 Nd6 29. Bd5+ Kh8 30. Rb3 Bg8 31. Bxg8 Rxg8 32. Qc1 Kh7 33. Rd1 Rga8 34. Rb2 Rxb2 35. Qxb2 Qc6 36. Rb1 e4 37. Qb6 Qxb6 38. Rxb6 Nc8 39.
Rc6 Ra2 40. Bf4 Ne7 41. Rc7 Ng6 42. Rxc5 Rxe2 43. dxe4 Nxf4 44. gxf4 fxe4 45. Rd5 d3 46. c5 Rxf2+ 47. Kg3 Rc2 48. f5 d2 49. Kf2 d1=Q+ 50.
Kg3 Qxd5 51. Kf4 Rxc5 0-1

[Event "Late-Titled-Tuesday-Blitz-February-27-2024"]
[Site "Chess.com"]
[Date "2024.02.27"]
[Round "8"]
[White "rhwr"]
[Black "SocoLoco"]
[Result "1-0"]
[WhiteElo "2333"]
[BlackElo "2209"]
[TimeControl "180+1"]
[EndTime "15:27:43 PST"]
[Termination "rhwr won on time"]

1. e4 c5 2. Nf3 e6 3. Nc3 d5 4. exd5 exd5 5. d4 cxd4 6. Nxd4 Nc6 7.
Bb5 Qd6 8. O-O Nf6 9. h3 Be7 10.
Nde2 O-O 11. Bf4 Qd8 12. Ng3 Be6 13. Re1 a6 14. Bd3 Re8 15. Qf3 Qd7 16. Nce2 Rad8 17. c3 d4 18. Nxd4 Nxd4 19. cxd4 Qxd4 20. Rad1 Qxb2 21. Be5 Qxa2 22. Qxb7 Bc5 23. Rf1 Nd7 24.
Qe4 Nxe5 25. Qxe5 Bc4 26. Qxc5 Bxd3 27. Rfe1 Bb5 28. Nf5 Rxd1 29. Rxd1 Qe6 30. g4 h6 31. Qc3 Qe5 32. Qb4 Bc6 33. Ng3 g6 34. Kh2 a5 35. Qd4 a4 36. Qxe5 Rxe5 37. Ra1 Ra5 38. Kg1 a3 39. Kf1 a2 40. Ke2 Bd5 41. Kd2 Rb5 42.
Kc2 1-0

[Event "Late-Titled-Tuesday-Blitz-February-27-2024"]
[Site "Chess.com"]
[Date "2024.02.27"]
[Round "8"]
[White "campochess"]
[Black "Englishman_18"]
[Result "1-0"]
[WhiteElo "2209"]
[BlackElo "2291"]
[TimeControl "180+1"]
[EndTime "15:27:45 PST"]
[Termination "campochess won by resignation"]

1. Nf3 Nf6 2. b3 g6 3. Bb2 Bg7 4. g3 O-O 5. Bg2 d5 6. c4 c6 7.
O-O Re8 8. d4 dxc4 9. bxc4 Ne4 10. Nc3 Qb6 11. Qb3 Nxc3 12. Bxc3 Nd7 13. Qc2 c5 14. d5 Bxc3 15. Qxc3 Qf6 16. Qxf6 Nxf6 17. Ne5 Bf5 18. Rfe1 Be4 19. f3 Bf5 20. e4 Bc8 21. Nd3 b6 22. e5 Nh5 23. f4 Bb7 24. Bf3 Ng7 25. g4 h5 26. h3 Rad8 27. Rad1 Rd7 28. Nf2 Red8 29. Re3 b5 30. cxb5 Bxd5 31. Red3 e6 32.
R1d2 Kf8 33. Nd1 Ke7 34. Kf2 hxg4 35. hxg4 Bxf3 36. Rxd7+ Rxd7 37. Rxd7+ Kxd7 38. Kxf3 Ne8 39. Nc3 Nc7 40. Ke4 Kc8 41. a4 Kb7 42. a5 Kc8 43. f5 gxf5+ 44. gxf5 Kb7 45. f6 a6 46. b6 Nb5 47. Ne2 Na3 48. Nf4 c4 49. Kd4 Nc2+ 50. Kc3 Ne3 51. Nxe6 Nd5+ 52. Kxc4 1-0

[Event "Late-Titled-Tuesday-Blitz-February-27-2024"]
[Site "Chess.com"]
[Date "2024.02.27"]
[Round "8"]
[White "Hikaru"]
[Black "LiemLe"]
[Result "1-0"]
[WhiteElo "3244"]
[BlackElo "3059"]
[TimeControl "180+1"]
[EndTime "15:27:46 PST"]
[Termination "Hikaru won by resignation"]

1. h3 d5 2. d4 c5 3. dxc5 Nf6 4. c3 e6 5. Be3 a5 6. Bd4 Nbd7 7. Nf3 Bxc5 8. e3 O-O 9. Be2 Bd6 10. c4 dxc4 11. Bxc4 e5 12. Bc3 Nb6 13. Be2 Qe7 14. O-O Rd8 15.
Nbd2 Be6 16. Ng5 Bd5 17. Bf3 h6 18. Nge4 Bb4 19. Bxb4 axb4 20. Nxf6+ Qxf6 21. Bxd5 Rxd5 22. Qe2 Rad8 23. Nf3 Qe6 24. Rfc1 Ra5 25. Qe1 Nd5 26. b3 Nc3 27. a3 Qxb3 28. axb4 Rxa1 29. Rxa1 f6 30.
Rc1 Rd1 31. Rxd1 Qxd1 32. Qxd1 Nxd1 33. Kf1 Nc3 34. Ne1 Kf7 35. Nd3 b6 36. Ke1 Ke6 37. Kd2 Ne4+ 38. Kc2 Kd5 39. f3 Nd6 40. Kc3 Nb5+ 41. Kb3 g5 42. Nf2 f5 43. e4+ fxe4 44. Nxe4 Nd4+ 45. Ka4 Kc4 46. Nd6+ Kd5 47. Nf7 e4 48.
fxe4+ Kxe4 49. Nxh6 Kf4 50. g4 Kg3 51. Nf5+ Kxh3 52. Nxd4 Kxg4 53. Kb5 Kf4 54. Ne6+ Kf5 55. Nxg5 Kxg5 56. Kxb6 1-0

[Event "Late-Titled-Tuesday-Blitz-February-27-2024"]
[Site "Chess.com"]
[Date "2024.02.27"]
[Round "8"]
[White "TenisMaster"]
[Black "Grischuk"]
[Result "0-1"]
[WhiteElo "2928"]
[BlackElo "3051"]
[TimeControl "180+1"]
[EndTime "15:27:47 PST"]
[Termination "Grischuk won on time"]

1. e4 e5 2. Nf3 Nc6 3. Bb5 Nf6 4. d3 Bc5 5. c3 O-O 6. O-O d6 7.
Nbd2 Ne7 8. Re1 c6 9. Ba4 Ng6 10. d4 Bb6 11. Bc2 Re8 12. Nc4 Bc7 13. dxe5 dxe5 14.
Qxd8 Rxd8 15. Bg5 Bg4 16. Bxf6 gxf6 17. Bd1 Nf4 18. Ne3 Be6 19. Bb3 Bb6 20. Rad1 Nd3 21.
Re2 Bxe3 22. fxe3 Nc5 23. Rxd8+ Rxd8 24. Bxe6 Rd1+ 25. Re1 Rxe1+ 26. Nxe1 fxe6 27. Kf2 Nxe4+ 28. Ke2 Kf7 29. Nd3 Ke7 30. g3 Kd6 31. Ne1 f5 32. Nf3 b5 33. Ne1 a5 34. Nc2 a4 35. Kd3 Nf2+ 36.
Ke2 Ng4 37. e4 Nxh2 38. exf5 exf5 39. b3 Ng4 40. Kf3 h5 41. Ke2 Nf6 42. Ne3 axb3 43. axb3 Ke6 44. c4 Ne4 45. cxb5 cxb5 46. Nf1 Kd6 47.
Kd3 Kc5 48. Kc2 Kd4 49. Kb2 Kd3 50. Ka3 Ke2 0-1

[Event "Late-Titled-Tuesday-Blitz-February-27-2024"]
[Site "Chess.com"]
[Date "2024.02.27"]
[Round "8"]
[White "KaydenTroffChess"]
[Black "ukchessbomber"]
[Result "1/2-1/2"]
[WhiteElo "2810"]
[BlackElo "2647"]
[TimeControl "180+1"]
[EndTime "15:27:47 PST"]
[Termination "Game drawn by repetition"]

1. d4 b6 2. Nf3 Bb7 3. Bf4 g6 4. e3 Bg7 5. h4 h6 6. h5 g5 7. Be5 Nf6 8. Nc3 d6 9. Bxf6 Bxf6 10. Bd3 Nd7 11. Be4 Bxe4 12. Nxe4 Bg7 13. c3 e6 14. d5 Qe7 15. dxe6 fxe6 16. Qc2 d5 17.
Ng3 O-O-O 18. a4 a6 19. Nd4 Qd6 20. O-O Be5 21. Nge2 Nf6 22. Qd3 Kb7 23. a5 b5 24.
Nxb5 axb5 25. Qxb5+ Ka7 26. f4 gxf4 27. exf4 Ng4 28.
a6 Rb8 29. fxe5 Nxe5 30. Qa4 Rxb2 31. Qd4+ Ka8 32. Rf2 Rg8 33. Raf1 Ng4 34. Rf4 e5 35. Rf8+ Rxf8 36. Rxf8+ Qxf8 37. Qxg4 Qc5+ 38. Kh2 Qd6 39.
Ng3 Qxa6 40. Qd7 Qa2 41. Qc6+ Kb8 42. Qe8+ Kb7 43. Kh3 Rxg2 44. Qb5+ Ka8 45. Qc6+ Kb8 46. Qb5+ Kc8 47. Qe8+ Kb7 48. Qb5+ Ka7 49. Qc5+ Ka8 50. Qc6+ Kb8 51. Qb5+ Ka7 52. Qc5+ Ka6 53. Qc6+ Ka7 54. Qc5+ 1/2-1/2

[Event "Late-Titled-Tuesday-Blitz-February-27-2024"]
[Site "Chess.com"]
[Date "2024.02.27"]
[Round "8"]
[White "miraitrunks"]
[Black "dimoni64"]
[Result "0-1"]
[WhiteElo "2196"]
[BlackElo "1984"]
[TimeControl "180+1"]
[EndTime "15:27:47 PST"]
[Termination "dimoni64 won on time"]

1. e4 e5 2. Nf3 Nc6 3. Bb5 a6 4. Ba4 Nf6 5. O-O b5 6. Bb3 d6 7.
h3 Na5 8. d4 Nxb3 9. axb3 exd4 10. Qxd4 Be7 11. Nc3 O-O 12. Nxb5 c5 13. Qd3 Bb7 14. Nc3 a5 15. Bg5 Ba6 16. Nb5 h6 17. Bh4 Qb6 18. c4 Rfd8 19. Rfd1 Rab8 20. Bxf6 Bxf6 21.
Nxd6 Qxb3 22. Qxb3 Rxb3 23. e5 Be7 24. Rxa5 Bxc4 25.
Rxc5 Be6 26. Nd4 Rxb2 27. Nxe6 fxe6 28. Rc7 Bg5 29. Rd4 Rf8 30. Ne4 Rb1+ 31. Kh2 Bf4+ 32. Ng3 Bxe5 33. Rdd7 Bxc7 34. Rxc7 Rxf2 35. Nh5 Rbb2 36.
Rxg7+ Kh8 37. Rg6 Kh7 38. Rg7+ Kh8 39. Rg6 e5 40. Rxh6+ Kg8 41. Rg6+ Kf7 42. Rg7+ Ke6 43. Rg6+ Kd5 44. Nf6+ Kd4 45. Rg4+ Kd3 46. Ne4 Rfe2 47. Nc5+ Kc3 48. Re4 Rxe4 49. Nxe4+ Kd3 50. Nf2+ Ke2 51. Ng4 e4 52. h4 e3 53. h5 Rb5 54. Nf6 Rf5 0-1

[Event "Late-Titled-Tuesday-Blitz-February-27-2024"]
[Site "Chess.com"]
[Date "2024.02.27"]
[Round "8"]
[White "NateSolon"]
[Black "wild3000"]
[Result "0-1"]
[WhiteElo "2679"]
[BlackElo "2510"]
[TimeControl "180+1"]
[EndTime "15:27:49 PST"]
[Termination "wild3000 won on time"]

1. d4 Nf6 2. Bf4 e6 3. e3 b6 4.
Qf3 d5 5. Nc3 Bb7 6. O-O-O Bb4 7.
Nge2 Nbd7 8. Nb5 Rc8 9. a3 Be7 10.
Nxa7 Ra8 11. Nb5 Rc8 12. g4 O-O 13. Ng3 Ne8 14. h4 c6 15. Nc3 b5 16. Na2 Ra8 17. Kb1 Nd6 18. g5 Nc4 19. Bxc4 bxc4 20. e4 Qb6 21.
Nb4 Bxb4 22. axb4 Qxb4 23. Qc3 Qa4 24. Kc1 Qb5 25. Kd2 Ra2 26. Ra1 Rfa8 27. Rxa2 Rxa2 28.
Rb1 Nb6 29. Kc1 Na4 30. Qe3 Rxb2 31. Ra1 c3 32. Qd3 Qb6 33. Ne2 Ba6 34. Rxa4 Bxd3 35. Ra8+ Qb8 36. Rxb8+ Rxb8 37. cxd3 Ra8 38. Nxc3 Ra1+ 39.
Kd2 Rh1 40. Bg3 Kf8 41. Na4 Ke7 42. Nc5 Ra1 43. Ke3 Re1+ 44. Kf3 f6 45. gxf6+ gxf6 0-1

[Event "Late-Titled-Tuesday-Blitz-February-27-2024"]
[Site "Chess.com"]
[Date "2024.02.27"]
[Round "8"]
[White "adricalderon8"]
[Black "DryCounty"]
[Result "1-0"]
[WhiteElo "2511"]
[BlackElo "2649"]
[TimeControl "180+1"]
[EndTime "15:27:49 PST"]
[Termination "adricalderon8 won on time"]

1. e4 e5 2. Nf3 Nc6 3. Bc4 Nf6 4. d3 Be7 5. O-O O-O 6. h3 d6 7. a4 Na5 8. Ba2 c5 9. Nc3 Nc6 10. Nd5 Be6 11. c3 Qd7 12. Re1 Bd8 13. Bg5 Ne8 14.
Bxd8 Qxd8 15. d4 cxd4 16. cxd4 Bxd5 17. Bxd5 Qe7 18. dxe5 dxe5 19. Qb3 Nf6 20. Rac1 Nb4 21. Red1 a5 22. Bc4 Nxe4 23. Re1 Nc5 24. Qe3 e4 25. Ng5 Rac8 26. Qf4 h6 27. Nxe4 Ncd3 28. Qd6 Qxd6 29. Nxd6 Nxc1 30. Nxc8 Rxc8 31. Rxc1 Kf8 32. b3 b6 33. Rd1 Ke7 34. Re1+ Kf6 35. Rd1 Ke7 36. Re1+ Kf6 37. f4 Rd8 38. Kf2 Nd3+ 39. Bxd3 Rxd3 40. Re3 Rd2+ 41. Kf3 Rb2 42. Rc3 Ke7 43. g4 g6 44.
Rc7+ Kd6 45. Rxf7 Rxb3+ 46. Ke4 Rxh3 47. Rf6+ Kc5 48. Rxg6 Kb4 49. Rxb6+ Kxa4 50. f5 Rh1 51. f6 Rf1 52. Ke5 Ka3 53. Ke6 a4 54. f7 Rf4 55.
Ke7 Re4+ 56. Re6 Rf4 57. Rf6 Re4+ 58. Kd6 Rd4+ 59. Ke5 Rd8 60. f8=Q+ Rxf8 61. Rxf8 Kb3 62. Rh8 1-0

[Event "Late-Titled-Tuesday-Blitz-February-27-2024"]
[Site "Chess.com"]
[Date "2024.02.27"]
[Round "8"]
[White "MeisterJabo"]
[Black "BardArtem"]
[Result "0-1"]
[WhiteElo "2461"]
[BlackElo "2709"]
[TimeControl "180+1"]
[EndTime "15:27:49 PST"]
[Termination "BardArtem won by resignation"]

1. c4 e6 2. g3 d5 3. Nf3 Nf6 4. Bg2 g6 5. O-O Bg7 6. d4 O-O 7. Nc3 h6 8. Ne5 Kh7 9. e4 Nxe4 10. Nxe4 dxe4 11. Bxe4 Nd7 12. f4 c5 13. Be3 cxd4 14. Bxd4 Nxe5 15. fxe5 Qc7 16. Qe2 Bd7 17. Bc3 Bc6 18.
Rad1 Rac8 19. b3 Bxe4 20. Qxe4 b5 21. Bb4 Rfd8 22. Bd6 Qd7 23. c5 Kg8 24. b4 Qc6 25. Qf4 Rd7 26. Rf3 a5 27. Rdf1 axb4 28. Qxb4 Ra8 29. a3 Ra4 30. Qd2 Bxe5 31. Qf2 Bd4 32. Re3 Rxa3 33. Rfe1 Rxe3 34. Rxe3 b4 35. Qf4 Bxe3+ 36. Qxe3 Rxd6 37. cxd6 Qxd6 38. Kg2 Qd5+ 39. Kh3 b3 40. Qc3 Qh5+ 41. Kg2 Qd5+ 42. Kh3 h5 43. Qc8+ Kg7 44. Qc3+ Kh7 45. Qc7 Qf5+ 46. Kg2 Qc2+ 47.
Qxc2 bxc2 0-1